 Dungeon Crawl Stone Soup version 0.18-a0-721-g8fc53f4 (webtiles) character file.

133 Ijustatesigmund the Sneak (level 5, 0/31 HPs)
             Began as an Octopode Conjurer on Dec 8, 2015.
             Killed from afar by an orc wizard (8 damage)
             ... with a magic dart
             ... on level 3 of the Dungeon.
             The game lasted 00:06:33 (1874 turns).

Ijustatesigmund the Sneak (Octopode Conjurer)       Turns: 1874, Time: 00:06:33

Health: 0/31       AC:  1    Str:  7    XL:     5   Next: 16%
Magic:  9/9        EV: 12    Int: 19    God:
Gold:   11         SH:  0    Dex: 12    Spells: 3 memorised, 4 levels left

rFire  . . .     SeeInvis .     d - +1 dagger
rCold  . . .     Clarity  .     (no shield)
rNeg   . . .     SustAt   .     (helmet restricted)
rPois  .         Gourm    .     (no amulet)
rElec  .         Spirit   .     (no ring)
rCorr  .         Dismiss  .     (no ring)
rMut   .         Stasis   .     (no ring)
MR     .....                    (no ring)
Stlth  ++++......               (no ring)
                                (no ring)
                                (no ring)
                                (no ring)

@: not resistant to hostile enchantments, stealthy
A: almost no armour, amphibious, 8 rings, constrict 8, camouflage 1, gelatinous
body 1
a: no special abilities


You were on level 3 of the Dungeon.
You were not hungry.

You visited 1 branch of the dungeon, and saw 3 of its levels.

You collected 11 gold pieces.

Inventory:

Hand Weapons
 d - a +1 dagger (weapon)
 n - a +3 quarterstaff of chaos
Wands
 i - a wand of random effects (26)
Potions
 c - 2 potions of might
 e - a potion of flight
 f - 2 potions of degeneration {unknown}
 g - a potion of heal wounds {unknown}
 h - a potion of magic {unknown}
 m - a potion of lignification {unknown}
Books
 a - a book of Conjurations

   Spells                             Type                      Level
   a - Magic Dart                     Conjuration                  1
   b - Searing Ray                    Conjuration                  2
   c - Dazzling Spray                 Conjuration/Hexes            3
   d - Fulminant Prism                Conjuration/Hexes            4
   e - Iskenderun's Mystic Blast      Conjuration                  4
   f - Iskenderun's Battlesphere      Conjuration/Charms           5
Comestibles
 b - a bread ration
 j - a fruit
 k - a meat ration
 l - 2 chunks of flesh


   Skills:
 - Level 2.0 Dodging
 + Level 5.2 Stealth
 + Level 3.1 Spellcasting
 - Level 4.0 Conjurations
 + Level 2.0 Hexes


You had 4 spell levels left.
You knew the following spells:

 Your Spells              Type           Power        Failure   Level  Hunger
a - Magic Dart            Conj           ###.         3%          1    None
b - Searing Ray           Conj           ###...       6%          2    ##.....
c - Dazzling Spray        Conj/Hex       ##......     14%         3    ###....


Dungeon Overview and Level Annotations

Branches:
Dungeon (3/15)

Altars:
Ashenzari


Innate Abilities, Weirdness & Mutations

You cannot wear most types of armour.
You are amphibious.
You can wear up to eight rings at the same time.
You can use your tentacles to constrict eight enemies at once.
Your skin changes colour to match your surroundings (Stealth).
Your rubbery body absorbs attacks (AC +1).


Message History

You hit the orc wizard.
The orc wizard is heavily wounded.
You constrict the orc.
You kill the orc!
You constrict the orc wizard.
The orc wizard hits you but does no damage.
The orc hits you with a hand axe.
You closely miss the orc wizard. You grab the orc wizard.
You constrict the orc wizard. x2
The orc wizard barely misses you. The orc wizard hits you with a dagger.
You barely miss the orc. You grab the orc.
The orc is heavily wounded.
You constrict the orc wizard. x2
You constrict the orc. The orc barely misses you.
The orc wizard points at you and mumbles some strange words.
The magic dart hits you!
* * * LOW HITPOINT WARNING * * *
The orc wizard gestures at you while chanting.
The magic dart hits you!
You die...

### # ..#
#.#####.###
#...o.....#
#.o@..#.###.#
#.o#.)......#
.....##<#.####
##.........#
#.......###
#########


You could see 2 orc wizards and an orc.

Vanquished Creatures
  Crazy Yiuf (D:2)
  Jessica (D:2)
  3 adders (D:2)
  A worm (D:2)
  A giant gecko (D:2)
  2 orcs (D:3)
  2 ball pythons
  A giant cockroach (D:2)
  3 hobgoblins
  7 jackals
  4 bats
  A giant newt (D:1)
  6 goblins
  10 kobolds
  9 rats
52 creatures vanquished.

Notes
Turn   | Place    | Note
--------------------------------------------------------------
     0 | D:1      | Ijustatesigmund the Octopode Conjurer began the quest for the Orb.
     0 | D:1      | Reached XP level 1. HP: 11/11 MP: 3/3
   146 | D:1      | Reached XP level 2. HP: 12/17 MP: 0/5
   152 | D:1      | Learned a level 2 spell: Searing Ray
   743 | D:1      | Reached XP level 3. HP: 21/21 MP: 2/6
   786 | D:1      | Learned a level 3 spell: Dazzling Spray
   984 | D:2      | Found a shattered altar of Ashenzari.
  1123 | D:2      | Noticed Jessica
  1127 | D:2      | Killed Jessica
  1127 | D:2      | Reached skill level 1 in Hexes
  1127 | D:2      | Reached XP level 4. HP: 20/27 MP: 4/8
  1564 | D:2      | Reached skill level 5 in Stealth
  1803 | D:2      | Noticed Crazy Yiuf
  1815 | D:2      | Killed Crazy Yiuf
  1815 | D:2      | Reached XP level 5. HP: 31/31 MP: 5/9
  1874 | D:3      | Killed from afar by an orc wizard

Vault maps used:
D:1:      dpeg_arrival_tiny_a
D:2:      marbit_many_paths, uniq_crazy_yiuf_cottage, uniq_jessica
D:3:      lemuel_round_altar

Action                   |  1- 3 |  4- 6 || total
-------------------------+-------+-------++-------
Melee: Unarmed           |    13 |       ||    13
       Dagger            |     7 |    10 ||    17
 Cast: Magic Dart        |    54 |    36 ||    90
       Searing Ray       |       |     1 ||     1
  Use: Scroll            |     6 |       ||     6
 Stab: Sleeping          |     2 |     1 ||     3
  Eat: Chunk             |     1 |     2 ||     3
